 Dungeon Crawl Stone Soup version 0.27-a0-1202-ge72e49191c (webtiles) character file.

Game seed: 2581917402103684668

67 robertstho the Skirmisher (level 4, 0/37 HPs)
             Began as a Demonspawn Abyssal Knight on June 2, 2021.
             Was a Follower of Lugonu.
             Slain by Sigmund
             ... wielding a +0 scythe
              (4 damage)
             ... on level 2 of the Dungeon.
             The game lasted 00:02:31 (1777 turns).

robertstho the Skirmisher (DsAK)                    Turns: 1777, Time: 00:02:32

Health: 0/37       AC:  6    Str: 14    XL:     4   Next: 0%
Magic:  6/6        EV: 10    Int: 13    God:    Lugonu [*.....]
Gold:   71         SH:  0    Dex: 12    Spells: 3/3 levels left

rFire    . . .     SeeInvis .   a - +1 falchion (elec)
rCold    . . .     Faith    .   (no shield)
rNeg     . . .     Spirit   .   d - +0 ring mail
rPois    .         Reflect  .   (helmet restricted)
rElec    .         Harm     .   (no cloak)
rCorr    .         Rampage  .   k - +0 pair of gloves
Will     .....                  (no boots)
Stlth    +.........             (no amulet)
HPRegen  0.12/turn              h - ring of flight
MPRegen  0.10/turn              (no ring)

@: flying
A: horns 1
a: Renounce Religion, Depart the Abyss


You were on level 2 of the Dungeon.
You worshipped Lugonu.
Lugonu was aware of your devotion.
You visited 1 branch of the dungeon, and saw 2 of its levels.
You visited the Abyss 1 time.

You collected 71 gold pieces.

Inventory:

Hand Weapons
 a - a +1 falchion of electrocution (weapon)
Armour
 d - a +0 ring mail (worn)
 k - a +0 pair of gloves (worn)
Jewellery
 h - a ring of flight (left hand)
Scrolls
 g - a scroll of teleportation {unknown}
 i - a scroll of fear {unknown}
 j - a scroll of vulnerability {unknown}
 n - a scroll of magic mapping


   Skills:
 * Level 3.7 Fighting
 + Level 2.4 Long Blades
 * Level 2.4 Armour
 + Level 1.1 Dodging
 * Level 2.8 Invocations


You had 3 spell levels left.
You didn't know any spells.
Your spell library was empty.

Dungeon Overview and Level Annotations

Branches:
Dungeon (2/15)

Altars:

Annotations:
D:2 Natasha, Sigmund, Terence


Innate Abilities, Weirdness & Mutations

You have a pair of small horns on your head.


Message History

You feel better.
Terence hits you from afar with a +2 trident of protection.
* * * LOW HITPOINT WARNING * * *
The kobold barely misses you.
You riposte.
You hit the kobold.
You kill the kobold!
Lugonu accepts your kill.
You have reached level 4!
You feel stronger.
It was a potion of flight.
You feel more buoyant. Terence closely misses you.
Natasha mumbles some strange words.
The shadow imp lashes its tail.
You reach down and open the door.
There is an open door here.
Terence hits you from afar with a +2 trident of protection.
* * * LOW HITPOINT WARNING * * *
Really fly into that teleport trap?
You enter a teleport trap!
The teleport trap disappears.
Your surroundings suddenly seem different.
The jackal barks!
The adder hisses angrily.
The jackal closely misses you.
The jackal bites you but does no damage.
The jackal bites you.
* * * LOW HITPOINT WARNING * * *
The jackal stops to sniff the ground.
The jackal barely misses you.
You aren't carrying any potions.
Blink to where?
Press: ? - help, Dir - move target
As you read the scroll labelled CININO WECRUKEARUR, it crumbles to dust.
It was a scroll of blinking.
Sigmund the Dreaded comes into view.
He is wielding a +0 scythe.
Sigmund barely misses you.
As you read the scroll labelled KIMUSI UBYHE, it crumbles to dust.
It is a scroll of brand weapon.
Your +1 falchion crackles with electricity.
a - a +1 falchion of electrocution (weapon)
Sigmund hits you from afar with a +0 scythe.
You die...

#................
#..<......#......
#.....#.......... #
#...#.#.#.#$...)# # .#
.................#...#
##....#.#.#...#.#.#.#
##.........w...#.@..
....#.#.#.#.#.#.#.#.#
###.............@...#
...$..#.##...########
....###..ยง..## ..###
####### ###


You could see Sigmund.

Vanquished Creatures
  Natasha (D:2)
  An adder (D:2)
  An endoplasm (D:2)
  2 giant cockroaches
  4 hobgoblins
  5 jackals (D:1)
  A quokka (D:1)
  3 ball pythons (D:1)
  2 bats (D:1)
  3 frilled lizards (D:1)
  4 goblins
  3 kobolds
  2 rats (D:1)
32 creatures vanquished.

Notes
Turn   | Place    | Note
-------+----------+-------------------------------------------
     0 | Abyss:1  | robertstho the Demonspawn Abyssal Knight began the quest
                  | for the Orb.
     0 | Abyss:1  | Reached XP level 1. HP: 18/18 MP: 2/2
   138 | Abyss:1  | Noticed a large abomination
   139 | D:1      | Escaped the Abyss
   522 | D:1      | Gained mutation: You have a pair of small horns on your
                  | head. [demonic ancestry]
   522 | D:1      | Reached XP level 2. HP: 23/24 MP: 3/3
   540 | D:1      | Reached skill level 1 in Dodging
  1031 | D:1      | Reached * piety under Lugonu
  1552 | D:2      | Reached XP level 3. HP: 29/29 MP: 4/4
  1658 | D:2      | Noticed Natasha
  1671 | D:2      | Killed Natasha
  1745 | D:2      | Noticed Natasha
  1746 | D:2      | Noticed Terence
  1761 | D:2      | Reached XP level 4. HP: 10/37 MP: 6/6
  1776 | D:2      | Noticed Sigmund
  1777 | D:2      | Slain by Sigmund

Illustrated notes

Levels and vault maps discovered:
D:1:      amcnicky_arrival_gap_in_the_tavern_cellar, layout_basic,
          chequers_avenue
D:2:      layout_basic, st_stairs_3, chequers_serial_rivers_small_b,
          hangedman_decor_riveting, kennysheep_generic_room_4, uniq_terence,
          uniq_natasha, uniq_sigmund

Skill      XL: |  1  2 |
---------------+-------+-----
Dodging        | 1 |  1.1
Long Blades    | 2 |  2.4
Armour         | 2 |  2.4
Fighting       | |  3.7
Invocations    | |  2.8

Action                   |  1- 3 |  4- 6 || total
-------------------------+-------+-------++-------
Melee: Falchion          |    93 |       ||    93
       Headbutt          |     8 |       ||     8
Invok: Depart the Abyss  |     1 |       ||     1
  Use: Scroll            |     2 |     2 ||     4
       Potion            |     1 |     1 ||     2
Armor: Leather armour    |     5 |       ||     5
       Ring mail         |    44 |     1 ||    45
Dodge: Dodged            |    81 |     4 ||    85
       Rpst.: Falchion   |    20 |       ||    20

Table legend: (Time is in decaauts)
 A = Elapsed time spent in this place.
 B = Non-inter-level travel time spent in this place.
 C = Inter-level travel time spent in this place.
 D = Time resting spent in this place.
 E = Time spent auto-exploring this place.
 F = Levels seen in this place.
 G = Mean time per level.
                   A        B        C        D        E       F      G
               +--------+--------+--------+--------+--------+-----+--------+
         Total |   1805 |   1730 |     75 |      0 |   1423 |   3 |  601.7 |
       Dungeon |   1666 |   1591 |     75 |      0 |   1286 |   2 |  833.0 |
         Abyss |    139 |    139 |      0 |      0 |    137 |   1 |  139.0 |
               +--------+--------+--------+--------+--------+-----+--------+

Top non-repeatable levels by time:
     D:1: 1371 daAuts
     D:2: 295 daAuts
 Abyss:1: 139 daAuts
